AoeStats
← Camarogo7150

Arabia

507154694Analyzed
2v2 RM · 17d ago on Sep 16, 2026· 46m 36s· 4 players
Game mode
Random Map
Map size
Medium (4 player)
Population
200
Speed
Normal
Resources
Standard
Victory
Conquest
Starting age
Dark Age
Ending age
Imperial Age
RankedLock teamsTeams togetherTeam positionsShared explorationLock speedFull tech treeHidden civsTurbo modeCheats
Victory
Defeat
🇮🇳 Burmese · India
1126
+15
🇧🇪 Burgundians · Belgium
1079
+17
🇹🇷 Vietnamese · Türkiye
1118
-16
🇹🇷 Persians · Türkiye
1096
-16
cCc_Shelby
10:44 Feudal Age
11:10 Loom
18:11 Castle Age
17:11 Double-Bit Axe
18:49 Horse Collar
19:20 Bow Saw
20:46 Forging
21:53 Heavy Plow
25:36 Scale Barding Armor
39:11 Wheelbarrow
Hasan Alpay
7:58 Loom
10:14 Feudal Age
10:59 Double-Bit Axe
15:47 Fletching
23:54 Castle Age
22:51 Padded Archer Armor
24:45 Crossbowman
28:37 Horse Collar
30:52 Wheelbarrow
30:32 Heavy Plow
31:57 Bodkin Arrow
36:56 Hand Cart
36:28 Town Watch
38:27 Leather Archer Armor
38:20 Gold Mining
42:33 Scale Barding Armor
43:30 Bow Saw
43:49 Chain Barding Armor
44:10 Stone Mining
44:56 Ballistics
Camarogo7150
12:23 Loom
14:08 Feudal Age
18:56 Castle Age
18:33 Bloodlines
18:37 Forging
18:58 Scale Barding Armor
23:56 Husbandry
28:18 Wheelbarrow
29:41 Town Watch
31:20 Iron Casting
42:17 Ballistics
41:49 Fletching
42:00 Padded Archer Armor
42:22 Chain Barding Armor
benk_moham
11:38 Feudal Age
15:25 Double-Bit Axe
15:51 Horse Collar
18:14 Castle Age
17:09 Bow Saw
17:02 Heavy Plow
17:44 Gold Mining
20:45 Scale Barding Armor
26:13 Husbandry
26:26 Forging
29:52 Fervor
31:39 Pikeman
32:20 Squires
35:24 Imperial Age
33:53 Gold Shaft Mining
36:00 Two-Man Saw
35:34 Crop Rotation
36:13 Burgundian Vineyards
35:43 Capped Ram
38:59 Conscription
39:16 Halberdier
41:02 Elite Coustillier
Connection lost

Rejoining the realm…

Still unreachable

The connection could not be restored.

Session expired

The server has moved on; the page needs a fresh start.